 Dungeon Crawl Stone Soup version 0.30.0-5-g1a98f26d00 (webtiles) character file.

Game seed: 13788584319444773647

42 Orangeyouglad the Chopper (level 3, -1/26 HPs)
             Began as a Human Wanderer on May 9, 2023.
             Was a Believer of Jiyva.
             Slain by Terence
             ... wielding a +0 mace
              (8 damage)
             ... on level 2 of the Dungeon.
             The game lasted 00:04:08 (1414 turns).

Orangeyouglad the Chopper (Human Wanderer)          Turns: 1414, Time: 00:04:08

Health: -1/26      AC:  3    Str: 10    XL:     3   Next: 77%
Magic:  2/5        EV: 12    Int: 14    God:    Jiyva [**....]
Gold:   21         SH:  0    Dex: 14    Spells: 3/5 levels left

rFire   . . .        a - +0 war axe
rCold   . . .        (no shield)
rNeg    . . .        d - +0 robe
rPois   .            (no helmet)
rElec   .            g - +0 cloak
rCorr   +            (no gloves)
SInv    .            (no boots)
Will    .....        (no amulet)
Stlth   ++           (no ring)
HPRegen 1.20/turn    (no ring)
MPRegen 0.39/turn

%: no passive effects
@: no status effects
A: no striking features
a: Renounce Religion


You were on level 2 of the Dungeon.
You worshipped Jiyva.
Jiyva was pleased with you.
You visited 1 branch of the dungeon, and saw 2 of its levels.

You collected 21 gold pieces.

Inventory:

Hand Weapons
 a - a +0 war axe (weapon)
 b - a +0 sling
Missiles
 f - 2 poisoned darts (quivered)
Armour
 d - a +0 robe (worn)
 g - a +0 cloak (worn)
Jewellery
 h - a +6 ring of intelligence
Scrolls
 c - a scroll of fog
Potions
 e - 2 potions of magic {unknown}


   Skills:
 + Level 1.6 Fighting
 - Level 5.0 Axes
 + Level 1.1 Dodging
 + Level 2.5 Stealth
 + Level 1.5 Spellcasting
 + Level 1.6 Conjurations


You had 3 spell levels left.
You knew the following spells:

 Your Spells              Type           Power      Damage    Failure   Level
a - Searing Ray           Conj           10%        2d4       19%         2

Your spell library contained the following spells:

 Spells                   Type           Power      Damage    Failure   Level
 Static Discharge         Conj/Air       6%         2-3/arc   26%         2


Dungeon Overview and Level Annotations

Branches:
Dungeon (2/15)

Altars:
Jiyva

Annotations:
D:2 Terence


Message History

Unknown command.
You shoot a sling bullet. The sling bullet barely misses Terence.
Terence shouts!
You shoot a sling bullet. The sling bullet hits Terence.
Terence is lightly wounded.
Casting: Searing Ray (safe; 19% risk of failure)
Confirm with . or Enter, or press ? or * to list all spells.
Aiming: Searing Ray (safe; 19% risk of failure)
Press: ? - help, Shift-Dir - straight line, f/p - Terence
Aim: Terence, wielding a +0 mace and wearing a +0 chain mail (lightly wounded, 81% to hit)
You miscast Searing Ray.
You are very lightly contaminated with residual magic.
Nothing appears to happen.
Terence hits you with a +0 mace!
Casting: Searing Ray (safe; 19% risk of failure)
Confirm with . or Enter, or press ? or * to list all spells.
Aiming: Searing Ray (safe; 19% risk of failure)
Press: ? - help, Shift-Dir - straight line, f/p - Terence
Aim: Terence, wielding a +0 mace and wearing a +0 chain mail (lightly wounded, 81% to hit)
The searing ray hits Terence but does no damage.
Terence is lightly wounded. (Press . to maintain the ray.) Terence misses you.
The searing ray hits Terence.
Terence is moderately wounded.
Terence barely misses you.
The searing ray hits Terence but does no damage.
Terence is lightly wounded.
Terence hits you with a +0 mace.
a - a +0 war axe (weapon)
You slash Terence!
Terence is heavily wounded.
Terence hits you with a +0 mace. Terence hits you with a +0 mace!
You barely miss Terence.
Terence is heavily wounded.
Terence hits you with a +0 mace.
* * * LOW HITPOINT WARNING * * *
Your magical contamination has completely faded away.
Terence attacks as you move away! Terence hits you with a +0 mace!
You die...

#.....#.....#.#.##...#.#.
#.#.....#.#...#.#.##..<..#.
...........................
..#.....#.#.#.#.#.##.#...#.
###.#...#.....#.#.##.#.#...
...J...###.###.#.# #.....
........#...# ...##..
........#.#####.# ...+...
.........@@.....# #.. ####
###.#...........# #.. #
#.....#####.# # ....##### #
..... # .... # ... # ... #
###


You could see Terence.

Vanquished Creatures
  An adder (D:2)
  A dart slug (D:1)
  5 ball pythons
  4 bats
  A goblin (D:1)
  7 hobgoblins
  2 quokkas (D:1)
  A frilled lizard (D:1)
  4 kobolds (D:1)
  3 rats (D:1)
29 creatures vanquished.

Vanquished Creatures (others)
  An endoplasm (D:2)
  A hobgoblin (D:2)
  A ball python (D:2)
  A rat (D:2)
4 creatures vanquished.

Grand Total: 33 creatures vanquished

Notes
Turn   | Place    | Note
-------+----------+-------------------------------------------
     0 | D:1      | Orangeyouglad the Human Wanderer began the quest for the
                  | Orb.
     0 | D:1      | Orangeyouglad set off with the following items: a +0 war
                  | axe, a +0 cloak, a scroll of fog, a +0 robe; and the
                  | following spells available to memorise: Searing Ray, Static
                  | Discharge.
     0 | D:1      | Reached XP level 1. HP: 15/15 MP: 2/2
    91 | D:1      | Reached XP level 2. HP: 14/21 MP: 3/3
   317 | D:1      | Learned a level 2 spell: Searing Ray
   334 | D:1      | Reached XP level 3. HP: 26/26 MP: 3/5
   971 | D:1      | Found a faded altar of an unknown god.
  1041 | D:1      | Prayed at the altar of an unknown god.
  1041 | D:1      | Became a worshipper of Jiyva Jueng the Shapeless
  1041 | D:1      | Reached * piety under Jiyva
  1146 | D:2      | Reached skill level 1 in Dodging
  1380 | D:2      | Reached ** piety under Jiyva
  1399 | D:2      | Noticed Terence
  1414 | D:2      | Slain by Terence

Illustrated notes

Levels and vault maps discovered:
D:1:      dpeg_arrival_lava_temple_mockup, layout_basic,
          dilly_ecumenical_altar_fadedgnrine, roderic_nine_men_s_morris
D:2:      layout_basic, basic_altar, kennysheep_generic_room_13, uniq_terence

Skill      XL: |  1  2  3 |
---------------+----------+-----
Dodging        | 1 |  1.1
Fighting       | |  1.6
Axes           | |  5.0
Stealth        | |  2.5
Spellcasting   | |  1.5
Conjurations   | |  1.6

Action                     || total
---------------------------++-------
  Melee: War axe           ||    46
         Punch             ||     1
   Fire: Sling             ||    24
   Cast: Searing Ray       ||     9
   Stab: Sleeping          ||     4
 Armour: Robe              ||    17
  Dodge: Dodged            ||    45
